 Dungeon Crawl Stone Soup version 0.28.0-45-g0d030f2227 (webtiles) character file.

Game seed: 14469798194024045234

936 issech the Cudgeller (level 7, -6/68 HPs)
             Began as a Troll Monk on Apr 14, 2022.
             Mangled by Blork the orc
             ... wielding a +0 battleaxe
              (11 damage)
             ... on level 5 of the Dungeon.
             The game lasted 00:13:50 (4530 turns).

issech the Cudgeller (Troll Monk)                   Turns: 4530, Time: 00:13:51

Health: -6/68      AC:  4    Str: 20    XL:     7   Next: 87%
Magic:  6/6        EV: 11    Int:  6    God:
Gold:   151        SH:  0    Dex: 14    Spells: 6/6 levels left

rFire   . . .      SeeInvis .   a - +0 mace
rCold   + . .      Faith    .   (no shield)
rNeg    . . .      Spirit   .   b - +0 robe
rPois   +          Reflect  .   (helmet restricted)
rElec   .          Harm     .   (no cloak)
rCorr   .          Rampage  .   (gloves unavailable)
Will    .....                   (boots unavailable)
Stlth   ++........              (no amulet)
HPRegen 1.01/turn               q - ring of protection from cold
MPRegen 0.10/turn               c - ring of poison resistance

@: no status effects
A: large, unfitting armour, claws 3, regeneration 1, shaggy fur 1, tough skin 1
a: no special abilities


You were on level 5 of the Dungeon.
You visited 1 branch of the dungeon, and saw 5 of its levels.

You collected 151 gold pieces.

Inventory:

Hand Weapons
 a - a +0 mace (weapon)
 x - a +1 vampiric dagger
 y - a +2 dagger of speed
Missiles
 k - 6 poisoned darts
 l - 136 stones (quivered)
 w - 52 arrows
 B - 37 sling bullets
Armour
 b - a +0 robe (worn)
 z - a +0 animal skin
Magical Staves
 f - a staff of cold
 n - a staff of earth
Jewellery
 c - a ring of poison resistance (right claw)
 q - a ring of protection from cold (left claw)
 s - a ring of positive energy
Wands
 v - a wand of digging (7)
 F - a wand of acid (11)
Scrolls
 d - 2 scrolls of summoning {unknown}
 g - 5 scrolls of identify {unknown}
 h - a scroll of noise {unknown}
 i - a scroll of holy word {unknown}
 o - a scroll of blinking {unknown}
 u - a scroll of silence {unknown}
 E - a scroll of magic mapping {unknown}
Potions
 e - a potion of ambrosia {unknown}
 j - a potion of might {unknown}
 m - a potion of brilliance {unknown}
 p - 2 potions of degeneration {unknown}
 r - a potion of invisibility {unknown}
 t - 3 potions of heal wounds {unknown}
 A - a potion of resistance {unknown}
 C - a potion of curing {unknown}
 D - a potion of mutation {unknown}


   Skills:
 + Level 3.7 Fighting
 + Level 6.1 Maces & Flails
 + Level 1.6 Throwing
 + Level 4.6 Dodging
 + Level 1.6 Stealth


You had 6 spell levels left.
You didn't know any spells.
Your spell library contained the following spells:

 Spells                   Type           Power      Damage    Failure   Level
 Corpse Rot               Necr/Air       0%         N/A       58%         2
 Poisonous Vapours        Pois/Air       0%         N/A       58%         2


Dungeon Overview and Level Annotations

Branches:
Dungeon (5/15)
 Temple: D:4-7

Altars:
Cheibriados
Okawaru

Annotations:
D:5 Blork the orc


Innate Abilities, Weirdness & Mutations

You are too large for most types of armour.
You have claws for hands.
Your natural rate of healing is unusually fast.
You are covered in fur. (AC +1)
You have tough skin. (AC +1)


Message History

Blork the orc hits you with a +0 battleaxe! x2
You barely miss Blork the orc.
Blork the orc is heavily wounded.
Blork the orc points at you and mumbles some strange words.
The magic dart hits you! Blork the orc misses you.
You closely miss Blork the orc.
Blork the orc is heavily wounded.
Blork the orc barely misses you. Blork the orc casts a spell at you.
The magic dart hits you.
Blork the orc gestures at you while chanting.
The puff of flame hits you.
You closely miss Blork the orc.
Blork the orc is moderately wounded.
Blork the orc barely misses you.
Blork the orc screams, "I'm going to kill you!"
Blork the orc closely misses you.
You sock Blork the orc!
Blork the orc is severely wounded.
Blork the orc points at you and mumbles some strange words.
The puff of frost hits you. You resist.
Blork the orc hits you with a +0 battleaxe!
* * * LOW HITPOINT WARNING * * *
Blork the orc hits you with a +0 battleaxe.
* * * LOW HITPOINT WARNING * * *
You barely miss Blork the orc.
Blork the orc is severely wounded.
Blork the orc barely misses you.
You hit Blork the orc but do no damage.
Blork the orc is severely wounded.
Blork the orc barely misses you. x2
The ogre hits you with a +0 giant spiked club!
* * * LOW HITPOINT WARNING * * *
Blork the orc casts a spell at you. The magic dart hits you.
* * * LOW HITPOINT WARNING * * *
You hit Blork the orc.
Blork the orc is severely wounded.
Blork the orc hits you with a +0 battleaxe!
You die...

......... # ...#.....#
#.####..#.###.#
#.............(
####.#.....##.#
#.##....##.#
#.....O.##.#
#.##....##.#+##+######
####.#.o@............#
#......#...........
###.#..#...........
##.#..####'####...
#.....# #.#
####÷#####.# #.÷...#.#
#####.#.# #.#.#


You could see Blork the orc (fast) and an ogre.

Vanquished Creatures
  Grinder (D:5)
  A black bear (D:4)
  2 ice beasts (D:5)
  3 scorpions
  2 hounds (D:5)
  A jelly (D:4)
  An iron imp (D:3)
  A centaur skeleton (D:5)
  An orc wizard (D:2)
  A howler monkey zombie (D:5)
  Robin (D:3)
  4 adders
  A worm (D:2)
  6 orcs
  5 ball pythons
  9 endoplasms
  A giant cockroach (D:1)
  12 goblins
  9 hobgoblins
  6 jackals
  3 kobolds
  A quokka (D:1)
  2 bats
  3 frilled lizards
  7 rats
84 creatures vanquished.

Notes
Turn   | Place    | Note
-------+----------+-------------------------------------------
     0 | D:1      | issech the Troll Monk began the quest for the Orb.
     0 | D:1      | Reached XP level 1. HP: 22/22 MP: 0/0
   286 | D:1      | Reached XP level 2. HP: 29/29 MP: 1/1
   330 | D:1      | Reached skill level 3 in Maces & Flails
   342 | D:1      | You fall into a shaft and drop 1 floor!
  1006 | D:2      | Reached XP level 3. HP: 36/36 MP: 2/2
  1259 | D:2      | Identified the +2 pair of boots of Yraatacs {Fly rF+ rC+}
  1853 | D:2      | Found a faded altar of an unknown god.
  2202 | D:3      | Found an iron altar of Okawaru.
  2294 | D:2      | Reached XP level 4. HP: 43/44 MP: 3/3
  2438 | D:3      | Noticed Robin
  2468 | D:3      | Killed Robin
  2529 | D:3      | Found a snail-covered altar of Cheibriados.
  2547 | D:3      | Reached skill level 4 in Maces & Flails
  2547 | D:3      | Reached XP level 5. HP: 49/52 MP: 4/4
  3407 | D:4      | Reached XP level 6. HP: 36/61 MP: 5/5
  3676 | D:4      | Reached skill level 5 in Maces & Flails
  3676 | D:4      | Reached skill level 1 in Throwing
  4127 | D:5      | Entered Level 5 of the Dungeon
  4266 | D:5      | Noticed Grinder
  4266 | D:5      | Noticed an ice beast
  4277 | D:5      | Reached XP level 7. HP: 61/67 MP: 6/6
  4323 | D:5      | Paralysed by Grinder for 3 turns
  4341 | D:5      | Killed Grinder
  4403 | D:5      | Reached skill level 6 in Maces & Flails
  4499 | D:5      | Noticed Blork the orc
  4528 | D:5      | HP: 2/68 [Blork the orc/magic dart (5)]
  4530 | D:5      | Mangled by Blork the orc

Illustrated notes

Levels and vault maps discovered:
D:1:      dpeg_arrival_tiny_c, layout_basic, nrook_uturn, kennysheep_boxes
D:2:      layout_basic, basic_ecumenical_altar
D:3:      layout_loops_ring, mainiacjoe_overflow_tiny_flanked,
          chei_slow_surprise, minmay_misc_feat_secret_circle, uniq_robin
D:4:      layout_basic
D:5:      layout_basic, uniq_grinder, uniq_blork_the_orc

Skill      XL: |  1  2  3  4  5  6  7 |
---------------+----------------------+-----
Maces & Flails | 3 4 5 6 |  6.1
Dodging        | 3 4 |  4.6
Fighting       | 3 |  3.7
Throwing       | 1 |  1.6
Stealth        | |  1.6

Action                   |  1- 3 |  4- 6 |  7- 9 || total
-------------------------+-------+-------+-------++-------
Melee: Mace              |   119 |   162 |    79 ||   360
       Punch             |     1 |     4 |     1 ||     6
Throw: Stone             |     5 |    24 |     6 ||    35
 Stab: Sleeping          |     4 |     2 |       ||     6
Armor: Robe              |    49 |    37 |    19 ||   105
Dodge: Dodged            |    51 |    90 |    42 ||   183
